 Dungeon Crawl Stone Soup version 0.20.1-1-g8b1a95d (webtiles) character file.

21 chrrsy the Firebug (level 2, 0/20 HPs)
             Began as a Demigod Fire Elementalist on Sept 10, 2017.
             Slain by a bat (1 damage)
             ... on level 2 of the Dungeon.
             The game lasted 00:09:05 (832 turns).

chrrsy the Firebug (Demigod Fire Elementalist)       Turns: 832, Time: 00:09:05

Health: 0/20       AC:  2    Str: 11    XL:     2   Next: 45%
Magic:  2/7        EV: 12    Int: 19    God:
Gold:   22         SH:  0    Dex: 16    Spells: 4/5 levels left

rFire    . . .     SeeInvis .   f - +0 dagger
rCold    . . .     Gourm    .   (no shield)
rNeg     . . .     Faith    .   a - +0 robe
rPois    .         Spirit   .   (no helmet)
rElec    .         Reflect  .   (no cloak)
rCorr    .         Harm     .   (no gloves)
MR       .....                  (no boots)
Stlth    ++........             h - amulet of magic regeneration (curse)
Regen    0.1/turn               (no ring)
MPRegen  0.2/turn               (no ring)

@: lethally poisoned (0 -> -2), about to teleport, very slightly contaminated
A: high mp 1
a: no special abilities


You were on level 2 of the Dungeon.
You were not hungry.

You visited 1 branch of the dungeon, and saw 2 of its levels.

You collected 22 gold pieces.

Inventory:

Hand Weapons
 f - a +0 dagger (weapon)
 g - a +0 club
Missiles
 e - 30 stones (quivered)
Armour
 a - a +0 robe (worn)
Jewellery
 h - a cursed amulet of magic regeneration (around neck)
Scrolls
 d - a scroll of teleportation
 i - a scroll of amnesia {unknown}
Books
 b - a book of Flames

   Spells                             Type                      Level
   a - Flame Tongue                   Conjuration/Fire             1
   b - Throw Flame                    Conjuration/Fire             2
   c - Conjure Flame                  Conjuration/Fire             3
   d - Inner Flame                    Hexes/Fire                   3
   e - Sticky Flame                   Conjuration/Fire             4
   f - Fireball                       Conjuration/Fire             5
Comestibles
 c - a bread ration
 j - 3 inedible chunks of flesh


   Skills:
 + Level 1.7 Dodging
 + Level 2.1 Stealth
 + Level 2.1 Spellcasting
 + Level 1.1 Conjurations
 + Level 3.0 Fire Magic


You had 4 spell levels left.
You knew the following spells:

 Your Spells              Type           Power        Failure   Level  Hunger
a - Flame Tongue          Conj/Fire      #....        7%          1    #......


Dungeon Overview and Level Annotations

Branches:
Dungeon (1/15)


Innate Abilities, Weirdness & Mutations

You have an increased reservoir of magic. (+10% MP)


Message History

The bat completely misses you.
You feel sick. The bat barely misses you. The quokka closely misses you.
Unknown command.
The bat barely misses you. The quokka bites you.
* * * LOW HITPOINT WARNING * * *
The bat hits you.
* * * LOW HITPOINT WARNING * * *
* * * LOW HITPOINT WARNING * * *
You feel sick. The bat closely misses you. The bat misses you.
The bat hits you but does no damage. The quokka bites you.
* * * LOW HITPOINT WARNING * * *
As you read the scroll labeled TEADDU ITTE, it crumbles to dust.
You feel strangely unstable.
It was a scroll of teleportation.
The bat hits you.
* * * LOW HITPOINT WARNING * * *
The quokka misses you.
* * * LOW HITPOINT WARNING * * *
You feel sick. The bat hits you.
You die...

........#...#
.......(#.#.#####
.............>..#
........###..##.#
####..### #.....####
..###.## #...(....#
#.###..# ##.#.###.#
#.<..#.# ##....r.#.####
...#.#.###.....b@.....#
####.#.##..#########..#
#.# #†P# #.. ..†.#
#........ #.#...#.?.
#.#.....P.. .......P.P
####........


You could see a quokka and a bat.

Vanquished Creatures
  An adder (D:2)
  A leopard gecko (D:2)
  A giant cockroach (D:2)
  A goblin (D:1)
  2 hobgoblins (D:2)
  3 kobolds (D:2)
  A quokka (D:2)
10 creatures vanquished.

Notes
Turn   | Place    | Note
-------+----------+-------------------------------------------
     0 | D:1      | chrrsy the Demigod Fire Elementalist began the quest for the Orb.
     0 | D:1      | Reached XP level 1. HP: 14/14 MP: 5/5
   122 | D:1      | You fall through a shaft!
   414 | D:2      | Reached skill level 3 in Fire Magic
   424 | D:2      | Reached skill level 1 in Conjurations
   811 | D:2      | Reached XP level 2. HP: 20/20 MP: 5/7
   832 | D:2      | HP: 1/20 [poisoned by an adder]
   832 | D:2      | Slain by a bat

Skill      XL: |  1 |
---------------+----+-----
Fire Magic     | 3 |  3.0
Conjurations   | 1 |  1.1
Stealth        | 2 |  2.1
Spellcasting   | 2 |  2.1
Dodging        | |  1.7

Action                   || total
-------------------------++-------
Melee: Unarmed           ||     1
       Dagger            ||     1
 Cast: Flame Tongue      ||    23
  Use: Scroll            ||     1
Armor: Robe              ||     3
Dodge: Dodged            ||    29
